 Dungeon Crawl Stone Soup version 0.31-a0-978-g1e14348 (webtiles) character file.

Game seed: 16940633535718614204

1599 Dorkslayer the Chopper (level 8, -2/61 HPs)
             Began as a Demonspawn Fighter on Oct 30, 2023.
             Killed by divine providence
             ... invoked by an orc priest
              (10 damage)
             ... on level 6 of the Dungeon.
             The game lasted 00:14:26 (5181 turns).

Dorkslayer the Chopper (Demonspawn Fighter)         Turns: 5181, Time: 00:14:26

Health: -2/61      AC: 15    Str: 19    XL:     8   Next: 62%
Magic:  8/8        EV:  5    Int:  9    God:
Gold:   237        SH: 13    Dex: 13    Spells: 7/7 levels left

rFire   + . .        a - +0 war axe
rCold   . . .        n - +0 kite shield
rNeg    . . .        B - +0 plate armour
rPois   .            j - +0 helmet
rElec   .            i - +1 cloak
rCorr   .            (no gloves)
SInv    .            (no boots)
Will    +....        (no amulet) Stlth
                     k - ring of willpower
HPRegen 0.30/turn    s - ring of protection from fire
MPRegen 0.11/turn

%: no passive effects
@: lethally poisoned (-2 -> -6)
A: large bone plates 1, demonic magic 1, weakness stinger 1
a: no special abilities


You were on level 6 of the Dungeon.
You visited 1 branch of the dungeon, and saw 6 of its levels.

You collected 307 gold pieces.
You spent 70 gold pieces at shops.

Inventory:

Hand Weapons
 a - a +0 war axe (weapon)
 v - a +1 hand axe of freezing
Missiles
 c - a throwing net
 l - a curare-tipped dart
 m - 3 atropa-tipped darts
 y - 2 boomerangs (quivered)
 A - 6 javelins
Armour
 i - a +1 cloak (worn)
 j - a +0 helmet (worn)
 n - a +0 kite shield (worn)
 B - a +0 plate armour (worn)
Jewellery
 k - a ring of willpower (left hand)
 s - a ring of protection from fire (right hand)
Wands
 q - a wand of polymorph (9)
 r - a wand of flame (5)
 w - a wand of quicksilver (8)
Scrolls
 g - a scroll of immolation
 o - 3 scrolls of teleportation
 p - 2 scrolls of blinking
Potions
 d - 3 potions of mutation {unknown}
 e - 3 potions of curing
 f - a potion of brilliance {unknown}
 h - a potion of haste {unknown}
 t - a potion of resistance {unknown}
 u - a potion of lignification
 x - a potion of enlightenment {unknown}
 z - a potion of magic {unknown}


   Skills:
 + Level 4.9 Fighting
 + Level 5.4 Axes
 + Level 0.1 Throwing
 + Level 4.7 Armour
 * Level 3.2 Dodging
 + Level 0.8 Stealth
 + Level 4.4 Shields
 * Level 4.2 Evocations


You had 7 spell levels left.
You didn't know any spells.
Your spell library contained the following spells:

 Spells                   Type           Power      Damage    Failure   Level
 Iskenderun's Battlesphe  Conj           0%         2d6       100%        5
 Bombard                  Conj/Erth      0%         9d1       100%        6
 Spellforged Servitor     Conj/Summ      0%         N/A       100%        7


Dungeon Overview and Level Annotations

Branches:
Dungeon (6/15)
 Temple: D:4-7

Altars:
Cheibriados
Kikubaaqudgha
Ru
Uskayaw
Vehumet
Xom

Shops:
D:3 ?


Innate Abilities, Weirdness & Mutations

You are partially covered in large bone plates. (SH +4)
Spells you cast may paralyse adjacent enemies.
You have a small tail.


Message History

Beogh smites you! You block the bullfrog's attack.
You block the gnoll's attack.
The orc priest casts a cantrip, but nothing happens.
You barely miss the gnoll. You slash the bullfrog!
You feel very sick.
The bullfrog hits you but does no damage. x2
You block the gnoll's attack.
You hit the gnoll.
The gnoll is heavily wounded.
You hit the orc priest. You closely miss the bullfrog.
You feel sick. You block the bullfrog's attack. The bullfrog barely misses you.
The gnoll hits you but does no damage.
You are more poisoned.
The orc priest hits you with a +0 hand axe.
You slash the gnoll!
You kill the gnoll!
You hit the orc priest. You slash the bullfrog!
You feel very sick.
The bullfrog hits you but does no damage.
The orc priest mumbles some strange prayers to Beogh against you.
Beogh smites you! You block the bullfrog's attack.
The orc priest hits you but does no damage.
You hit the orc priest.
The orc priest is moderately wounded.
You barely miss the bullfrog.
You feel very sick. You block the bullfrog's attack. The bullfrog hits you.
The orc priest hits you but does no damage.
You slash the orc priest!
The orc priest is almost dead.
You hit the bullfrog.
You feel sick.
The bullfrog hits you but does no damage.
The bullfrog hits you.
The orc priest invokes the aid of Beogh against you.
Beogh smites you!
* * * LOW HITPOINT WARNING * * *
The bullfrog hits you but does no damage.
The orc priest mumbles some strange prayers to Beogh against you.
Beogh smites you!
You die...

...#...,,*,,,,,,,***,*****
....,.#,,,,,#.....,,,*
..###.#,***,#....#****
......#,,,,,#....#
...#..,,,#,,,....##
...#.###)#?###....#
...#..[..#........#
......#.....#..F)o#
..###.#.###.#...@.#
......#.)...#.....######*
#........#..............* ##*##
#....###.#.###.....####.*###.,.#
#........#........## *,,,...#.#
#.##........#....## *****#...#
##......###.#....# *#.#*
####.......#....# #.#
#.#..........## #.#


You could see a bullfrog and an orc priest.

Vanquished Creatures
  A water moccasin (D:6)
  An ice beast (D:6)
  3 ogres
  A centaur (D:5)
  A kobold brigand (D:6)
  A bullfrog (D:6)
  A scorpion (D:6)
  A wight (D:6)
  A jelly (D:4)
  A gnoll bouda (D:4)
  4 hounds
  Ijyb (D:3)
  6 iguanas
  3 sleepcaps
  An orc wizard (D:4)
  A mummy (D:4)
  Robin (D:2)
  14 gnolls
  7 adders
  2 white imps (D:6)
  4 ufetubi
  4 worms
  2 dart slugs
  13 orcs
  8 ball pythons
  5 bats
  4 endoplasms
  4 giant cockroaches
  5 hobgoblins
  2 jackals (D:2)
  10 kobolds
  4 quokkas
  2 frilled lizards (D:2)
  9 goblins
  7 rats
135 creatures vanquished.

Notes
Turn   | Place    | Note
-------+----------+-------------------------------------------
     0 | D:1      | Dorkslayer the Demonspawn Fighter began the quest for the
                  | Orb.
     0 | D:1      | Reached XP level 1. HP: 18/18 MP: 1/1
    74 | D:1      | Found a faded altar of an unknown god.
   106 | D:1      | Gained mutation: You have a small tail. [demonic ancestry]
   106 | D:1      | Reached XP level 2. HP: 22/24 MP: 2/2
   391 | D:1      | Reached skill level 2 in Axes
   566 | D:2      | Reached XP level 3. HP: 29/29 MP: 3/3
   735 | D:2      | Noticed Robin
   742 | D:2      | Killed Robin
   753 | D:2      | Reached skill level 1 in Dodging
  1013 | D:2      | Gained mutation: You are partially covered in large bone
                  | plates. (SH +4) [demonic ancestry]
  1013 | D:2      | Reached XP level 4. HP: 35/35 MP: 4/4
  1271 | D:3      | Found Ineajuz's Magic Scroll Emporium.
  1347 | D:3      | Bought a scroll of identify for 28 gold pieces
  1347 | D:3      | Bought a scroll of teleportation for 42 gold pieces
  1535 | D:3      | Noticed Ijyb
  1544 | D:3      | Killed Ijyb
  1545 | D:3      | Reached skill level 3 in Axes
  1681 | D:4      | Found a sacrificial altar of Ru.
  1688 | D:4      | Reached XP level 5. HP: 34/41 MP: 5/5
  1834 | D:4      | Found a snail-covered altar of Cheibriados.
  2207 | D:4      | Reached skill level 4 in Axes
  2209 | D:4      | Reached XP level 6. HP: 46/47 MP: 6/6
  2364 | D:4      | Reached skill level 1 in Evocations
  3100 | D:5      | Entered Level 5 of the Dungeon
  3113 | D:5      | Reached XP level 7. HP: 26/53 MP: 7/7
  3376 | D:5      | Found a hide-covered altar of Uskayaw.
  3381 | D:5      | Found a shimmering altar of Xom.
  3387 | D:5      | Found an ancient bone altar of Kikubaaqudgha.
  3556 | D:5      | Found a radiant altar of Vehumet.
  4151 | D:6      | Gained mutation: Spells you cast may paralyse adjacent
                  | enemies. [demonic ancestry]
  4151 | D:6      | Reached XP level 8. HP: 40/61 MP: 8/8
  4324 | D:6      | Reached skill level 5 in Axes
  4326 | D:6      | HP: 1/61 [something (8)]
  5181 | D:6      | Killed from afar by an orc priest

Illustrated notes

Levels and vault maps discovered:
D:1:      orjb1_lava_funnel, layout_rooms, basic_ecumenical_altar,
          hangedman_decor_points, grunt_decor_junction, minmay_tetromino_s2
D:2:      layout_basic, uniq_robin
D:3:      layout_rooms, mainiacjoe_overflow_alcove_1, serial_shops,
          nicolae_shop_waterfront, uniq_ijyb
D:4:      layout_loops_corners, amcnicky_altar_gilded, slow_altar_2,
          roderic_roman_lattice
D:5:      layout_rooms, nicolae_vehumet_radiance,
          minmay_overflow_temple_star_quad
D:6:      hangedman_cross_stitches, layout_loops_corners,
          mainiacjoe_overflow_alcove_2

Skill      XL: |  1  2  3  4  5  6  7  8 |
---------------+-------------------------+-----
Axes           | 2 3 4 5 |  5.4
Armour         | 3 4 |  4.7
Shields        | 3 4 |  4.4
Dodging        | 1 2 3 |  3.2
Evocations     | 1 2 4 |  4.2
Fighting       | 4 |  4.9
Throwing       | |  0.1
Stealth        | |  0.8

Action                     |  1- 3 |  4- 6 |  7- 9 || total
---------------------------+-------+-------+-------++-------
  Melee: War axe           |   111 |   180 |   124 ||   415
         Tailslap          |    11 |    24 |    30 ||    65
         Hand axe          |       |     9 |    97 ||   106
  Throw: Boomerang         |       |       |     4 ||     4
  Evoke: Wand              |       |       |    12 ||    12
    Use: Scroll            |       |     2 |     6 ||     8
         Potion            |       |     1 |     7 ||     8
 Armour: Scale mail        |    86 |   100 |   129 ||   315
         Skin              |       |       |    44 ||    44
         Plate armour      |       |       |    13 ||    13
  Dodge: Dodged            |    64 |    73 |    76 ||   213
  Block: Buckler           |    30 |    17 |       ||    47
         Kite shield       |       |   112 |   171 ||   283

Table legend: (Time is in decaauts)
 A = Elapsed time spent in this place.
 B = Non-inter-level travel time spent in this place.
 C = Inter-level travel time spent in this place.
 D = Time resting spent in this place.
 E = Time spent auto-exploring this place.
 F = Levels seen in this place.
 G = Mean time per level.
                   A        B        C        D        E       F      G
               +--------+--------+--------+--------+--------+-----+--------+
         Total |   5378 |   5378 |      0 |    201 |   3121 |   6 |  896.3 |
       Dungeon |   5378 |   5378 |      0 |    201 |   3121 |   6 |  896.3 |
               +--------+--------+--------+--------+--------+-----+--------+

Top non-repeatable levels by time:
     D:4: 1483 daAuts
     D:6: 1361 daAuts
     D:5: 790 daAuts
     D:2: 766 daAuts
     D:1: 496 daAuts
     D:3: 479 daAuts
